Map: Ever Dream LE

Players

Astrea - Winner!

  • Race: Protoss Protoss
  • Spawn Location: 7:00

jheffe

  • Race: Terran Terran
  • League: Master
  • Spawn Location: 1:00

Event: DreamHack SC2 Masters 2020 Summer North America

VOD

Have the link to the VOD?

Description

Time

  • Played on: July 2, 2020, 4:12 p.m.
  • Length: 7:28

All games in this series

Show
View Real Time Build Order
Export as new Build Order

Astrea Protoss - Winner!

Build Orders:  

Get SALT Encoding   

  12  0:00  Probe  
  13  0:12  Pylon  
  13  0:17  Probe  
  14  0:30  Gateway, Probe  
  15  0:38  Probe  
  16  0:44  Assimilator  
  16  0:48  Probe  
  17  1:00  Probe  
  18  1:12  Probe  
  18  1:17  Cybernetics Core  
  18  1:18  Zealot  
  21  1:25  Probe  
  22  1:26  Pylon  
  22  1:39  Probe  
  23  1:43  Adept  
  23  1:54  Warp Gate  
  25  2:01  Nexus  
  25  2:05  Stalker  
  26  2:09  Assimilator  
  25  2:18  Probe  
  28  2:26  Pylon  
  28  2:30  Probe  
  28  2:35  Stalker  
  31  2:44  Probe  
Show
View Real Time Build Order
Export as new Build Order

jheffe Terran 

Build Orders: Reaper Expand 

Get SALT Encoding   

  12  0:00  SCV  
  13  0:13  SCV  
  14  0:17  Supply Depot  
  14  0:25  SCV  
  15  0:38  SCV  
  15  0:40  Barracks  
  16  0:45  Refinery  
  16  0:50  SCV  
  17  1:03  SCV  
  18  1:15  SCV  
  19  1:28  Orbital Command, Reaper  
  20  1:45  Command Center  
  20  1:49  Supply Depot  
  20  1:54  SCV  
  21  2:00  Marine  
  22  2:06  SCV  
  23  2:18  Bunker, SCV  
  23  2:21  Marine  
  25  2:23  Factory  
  25  2:27  Refinery  
  25  2:34  SCV  
  25  2:46  SCV  
Tags
 
Add a new tag
Caveats
  • Supply blocks, unpowered buildings, or Contaminate may cause inaccurate times.
  • Supply counts are checked every 10 seconds.